AoeStats
← 放羊老汉

Arena

510441418Analyzed
4v4 RM · 1d ago on Oct 1, 2026· 43m 55s· 8 players
Game mode
Random Map
Map size
Large (8 player)
Population
200
Speed
Normal
Resources
Standard
Victory
Conquest
Starting age
Dark Age
Ending age
Imperial Age
RankedLock teamsTeams togetherTeam positionsShared explorationLock speedFull tech treeHidden civsTurbo modeCheats
Victory
Defeat
🇪🇨 Saxons · Ecuador
1385
+11
🇨🇴 Jurchens · Colombia
1374
+11
🇦🇷 Teutons · Argentina
1310
+14
🇭🇰 Franks · Hong Kong SAR China
1271
+15
🇦🇺 Italians · Australia
1342
-16
🇳🇿 Mongols · New Zealand
1252
-12
🇨🇳 Huns · China
1236
-12
🇨🇦 Saxons · Canada
1225
-11
Giacomo
10:32 Feudal Age
14:42 Castle Age
12:58 Double-Bit Axe
13:19 Horse Collar
15:47 Bow Saw
19:28 Loom
24:08 Wheelbarrow
27:14 Imperial Age
25:25 Fortified Wall
26:14 Siege Engineers
26:29 Heavy Plow
28:20 Thunderclap Bombs
29:12 Town Watch
30:47 Chemistry
30:28 Ballistics
30:54 Gold Mining
31:01 Stone Mining
31:58 Hand Cart
32:14 Padded Archer Armor
33:21 Masonry
34:00 Leather Archer Armor
35:19 Murder Holes
35:54 Architecture
39:20 Coinage
38:51 Caravan
39:42 Scale Mail Armor
40:14 Ring Archer Armor
40:25 Guilds
40:45 Chain Mail Armor
39:52 Pikeman
42:27 Forging
43:38 Banking
AdrianJPG
6:45 Loom
9:51 Feudal Age
14:04 Castle Age
11:59 Double-Bit Axe
12:51 Horse Collar
15:38 Bow Saw
15:30 Heavy Plow
17:06 Loom
21:49 Wheelbarrow
24:18 Gold Mining
25:12 Hand Cart
28:10 Imperial Age
25:29 Town Watch
26:02 Padded Archer Armor
25:56 Fletching
27:50 Ballistics
27:41 Masonry
27:54 Bodkin Arrow
28:14 Leather Archer Armor
29:59 Bracer
30:36 Ring Archer Armor
31:16 Chemistry
30:05 Heavy Mounted Crossbowman
32:05 Bloodlines
31:55 Husbandry
31:59 Cranequins
32:45 Thumb Ring
33:46 Pikeman
35:57 Scale Mail Armor
36:07 Forging
35:55 Halberdier
36:36 Squires
36:11 Onager
36:19 Elite Skirmisher
38:14 Chain Mail Armor
38:35 Iron Casting
41:27 Conscription
40:30 Shield Wall
42:31 Hoardings
Vizconde Medardo
5:07 Loom
11:42 Feudal Age
15:38 Castle Age
14:35 Double-Bit Axe
14:37 Horse Collar
16:58 Gold Mining
20:00 Scale Mail Armor
20:10 Town Watch
28:04 Wheelbarrow
29:19 Hand Cart
30:12 Bow Saw
30:03 Heavy Plow
30:46 Redemption
34:34 Imperial Age
32:20 Pikeman
33:02 Squires
33:15 Forging
33:20 Chain Mail Armor
34:06 Chain Mail Armor
34:59 Fletching
40:52 Fortified Wall
40:34 Capped Ram
41:20 Gambesons
42:31 Arson
42:41 Halberdier
放羊老汉
10:48 Feudal Age
11:28 Double-Bit Axe
14:22 Loom
17:12 Castle Age
18:31 Bow Saw
23:17 Gold Mining
23:18 Stone Mining
25:47 Town Watch
26:39 Wheelbarrow
30:01 Imperial Age
28:30 Forging
28:26 Scale Barding Armor
28:54 Hand Cart
29:12 Husbandry
29:59 Iron Casting
30:21 Chain Barding Armor
30:21 Cavalier
32:37 Blast Furnace
32:34 Gold Shaft Mining
33:14 Plate Barding Armor
33:47 Conscription
33:07 Paladin
dedw1ng
7:09 Loom
9:07 Feudal Age
15:22 Castle Age
14:10 Double-Bit Axe
17:32 Bow Saw
24:25 Wheelbarrow
23:34 Horse Collar
24:28 Heavy Plow
26:22 Hand Cart
27:40 Gold Mining
31:15 Imperial Age
28:37 Crossbowman
29:33 Fletching
30:38 Thumb Ring
30:43 Bodkin Arrow
30:49 Padded Archer Armor
32:26 Conscription
33:09 Arbalester
34:11 Bracer
34:27 Leather Archer Armor
34:36 Ballistics
35:16 Chemistry
36:23 Two-Man Saw
37:24 Ring Archer Armor
37:50 Gold Shaft Mining
37:07 Stone Mining
38:58 Scale Mail Armor
默默发育
9:39 Feudal Age
13:25 Castle Age
11:44 Double-Bit Axe
12:31 Horse Collar
21:18 Wheelbarrow
21:46 Bow Saw
21:57 Heavy Plow
24:59 Forging
25:28 Hand Cart
28:33 Imperial Age
27:30 Husbandry
27:41 Bloodlines
27:38 Scale Barding Armor
27:44 Forging
28:43 Chain Barding Armor
28:23 Scale Mail Armor
29:22 Loom
29:41 Town Watch
29:29 Elite Tarkan
30:30 Conscription
30:51 Iron Casting
31:31 Marauders
31:36 Gold Mining
31:53 Town Patrol
33:42 Blast Furnace
33:35 Coinage
36:24 Plate Barding Armor
36:59 Cavalier
39:11 Paladin
40:28 Banking
41:19 Gold Shaft Mining
40:35 Stone Mining
41:51 Two-Man Saw
Slippery
1:34 Loom
10:29 Feudal Age
14:48 Castle Age
13:02 Double-Bit Axe
13:00 Horse Collar
17:32 Bow Saw
19:00 Wheelbarrow
19:18 Heavy Plow
24:16 Gold Mining
29:32 Imperial Age
28:33 Padded Archer Armor
28:24 Fletching
29:01 Ballistics
29:37 Leather Archer Armor
31:21 Chemistry
30:32 Masonry
30:31 Bodkin Arrow
34:12 Two-Man Saw
33:16 Bracer
33:46 Ring Archer Armor
34:17 Hand Cart
34:03 Elite Genoese Crossbowman
37:32 Architecture
38:12 Thumb Ring
37:29 Elite Skirmisher
39:16 Pikeman
39:57 Squires
41:37 Hoardings
Don Gio
11:05 Feudal Age
12:31 Double-Bit Axe
12:29 Horse Collar
15:45 Castle Age
17:53 Wheelbarrow
17:22 Heavy Plow
19:25 Bloodlines
19:15 Husbandry
20:56 Town Watch
20:57 Loom
22:39 Hand Cart
24:05 Bow Saw
24:28 Scale Barding Armor
24:39 Forging
24:02 Light Cavalry
28:20 Husbandry
29:03 Chain Barding Armor
28:46 Padded Archer Armor
28:37 Fletching
29:21 Stone Mining
29:22 Gold Mining
34:19 Imperial Age
32:08 Leather Archer Armor
31:49 Bodkin Arrow
32:30 Iron Casting
33:37 Gold Shaft Mining
33:38 Stone Shaft Mining
35:31 Conscription
35:20 Elite Mangudai
37:18 Blast Furnace
36:45 Ballistics
36:22 Guard Tower
37:34 Chemistry
37:39 Bracer
37:47 Hussar
38:37 Capped Ram
Connection lost

Rejoining the realm…

Still unreachable

The connection could not be restored.

Session expired

The server has moved on; the page needs a fresh start.